 Dungeon Crawl Stone Soup version 0.27.1-37-g7b29ead8ac (console) character file.

Game seed: 12825755875756798892

1930 grimtooth the Zephyrmancer (level 8, 0/57 HPs)
             Began as a Demigod Air Elementalist on Dec 23, 2023.
             Slain by a manticore (10 damage)
             ... on level 7 of the Dungeon.
             The game lasted 00:35:29 (8883 turns).

grimtooth the Zephyrmancer (DgAE)                   Turns: 8883, Time: 00:35:29

Health: 0/57       AC:  5    Str:  9    XL:     8   Next: 65%
Magic:  13/17      EV: 12    Int: 25    God:
Gold:   322        SH:  0    Dex: 14    Spells: 2/15 levels left

rFire    . . .     SeeInvis .   a - +3 dagger (venom)
rCold    . . .     Faith    .   (no shield)
rNeg     . . .     Spirit   .   C - +0 robe
rPois    .         Reflect  .   u - +0 helmet
rElec    .         Harm     .   y - +0 cloak
rCorr    .         Rampage  .   (no gloves)
Will     +....                  x - +0 pair of boots
Stlth    ++........             (no amulet)
HPRegen  0.19/turn              p - +4 ring of slaying
MPRegen  0.15/turn              B - ring of willpower

@: about to teleport, spiked
A: high mp 1, forlorn
a: no special abilities


You were on level 7 of the Dungeon.
You visited 1 branch of the dungeon, and saw 7 of its levels.

You collected 344 gold pieces.
You spent 22 gold pieces at shops.

Inventory:

Hand Weapons
 a - a +3 dagger of venom (weapon)
 b - a +4 whip of electrocution
Missiles
 h - 66 sling bullets
 n - 11 boomerangs (quivered)
 q - 5 poisoned darts
 t - 31 stones
 v - 2 javelins
 z - a throwing net {=f}
 F - 7 atropa-tipped darts
 H - 2 boomerangs of dispersal
Armour
 u - a +0 helmet (worn)
 x - a +0 pair of boots (worn)
 y - a +0 cloak (worn)
 C - a +0 robe (worn)
Jewellery
 m - an amulet of guardian spirit
 p - a +4 ring of slaying (left hand)
 B - a ring of willpower (right hand)
Wands
 E - a wand of paralysis (10)
Scrolls
 c - a scroll of enchant weapon
 e - 3 scrolls of teleportation
 f - a scroll of blinking {unknown}
 g - a scroll of vulnerability {unknown}
 l - a scroll of immolation
 o - a scroll of fog {unknown}
 r - 2 scrolls of noise
 s - 2 scrolls of magic mapping {unknown}
 D - a scroll of amnesia {unknown}
Potions
 d - a potion of lignification
 i - a potion of curing
 j - a potion of might
 k - a potion of ambrosia {unknown}
 w - 3 potions of mutation
 G - a potion of invisibility {unknown}
 I - a potion of magic {unknown}


   Skills:
 - Level 1.7 Dodging
 - Level 1.7 Stealth
 - Level 4.0 Spellcasting
 + Level 4.5 Conjurations
 * Level 9.2 Air Magic


You had 2 spell levels left.
You knew the following spells:

 Your Spells              Type           Power      Damage    Failure   Level
a - Shock                 Conj/Air       100%       1d9       1%          1
b - Static Discharge      Conj/Air       39%        N/A       1%          2
c - Mephitic Cloud        Conj/Pois/Air  28%        N/A       4%          3
d - Airstrike             Air            25%        N/A       1%          4
s - Swiftness             Air            50%        N/A       1%          3

Your spell library contained the following spells:

 Spells                   Type           Power      Damage    Failure   Level
 Magic Dart               Conj           100%       1d8       1%          1
 Call Imp                 Summ           5%         N/A       14%         2
 Stone Arrow              Conj/Erth      32%        3d9       11%         3
 Tukima's Dance           Hex            5%         N/A       26%         3
 Passage of Golubria      Tloc           N/A        N/A       65%         4
 Bolt of Magma            Conj/Fire/Erth 6%         4d6       80%         5
 Yara's Violent Unravell  Hex/Tmut       2%         3d3       94%         5
 Shatter                  Erth           2%         3d6*      100%        9


Dungeon Overview and Level Annotations

Branches:
Dungeon (7/15)             Temple (0/1) D:5

Shops:
D:1 *   D:4 *   D:6 :

Annotations:
D:5 exclusion: scorpion


Innate Abilities, Weirdness & Mutations

Your attributes grow dramatically as you level up.
You have an increased reservoir of magic. (+10% MP)
You shall have no god before yourself.


Message History

The zap hits the steam dragon.
The steam dragon is almost dead.
You are engulfed in a cloud of scalding steam.
Casting: Shock (safe; 1% risk of failure)
Confirm with . or Enter, or press ? or * to list all spells.
Aiming: Shock (safe; 1% risk of failure)
Press: ? - help, Shift-Dir - straight line The zap hits the steam dragon.
The steam dragon is almost dead.
The zap hits something.
The zap hits the steam dragon.
You kill the steam dragon!
The steam dragon scales are intact enough to wear.
You are engulfed in a cloud of scalding steam.
You closely miss something. Something hits you. Something shocks you.
* * * LOW HITPOINT WARNING * * *
A manticore comes into view.
The manticore flicks its tail.
The volley of spikes hits you!
The barbed spikes become lodged in your body.
* * * LOW HITPOINT WARNING * * *
You feel much better. Something hits you. Something shocks you.
* * * LOW HITPOINT WARNING * * *
As you read the scroll labelled YRUJ RAZIRUAV, it crumbles to dust.
The creatures around you are filled with an inner flame!
It was a scroll of immolation.
The manticore flicks its tail.
The volley of spikes hits you!
The barbed spikes become lodged in your body.
* * * LOW HITPOINT WARNING * * *
Something barely misses you.
As you read the scroll labelled OTAL FEGUGEI, it crumbles to dust.
It is a scroll of enchant weapon.
Your +3 whip of electrocution glows red for a moment.
Something barely misses you.
Okay, then.
As you read the scroll labelled TOAVEA LIGH, it crumbles to dust.
You feel strangely unstable.
It was a scroll of teleportation.
The manticore misses you. The manticore closely misses you.
The manticore claws you!
You die...

#.# #.####### #.# #.#
#.# #.# #.# #.# #.# #.#
###.# ###.#######
#...###### #.........#
#........# #.##.####.#
########.# #[##.# #.#
#.# #.##D# #.# #.#
#@##{####.# #.#
#H##.#....#
#.####.##.#.#### ## ##
#.........#.### #. #.
#.####........# #.##.
#.............###.#....
#.......#............).
#......###.o..#...###.#
#.....## ##...##### #.#
#.>....###(.### ###.#
#..<....#o#.# #....


You could see a manticore (inner flame).

Vanquished Creatures
  A wyvern (D:7)
  A vampire (D:7)
  A steam dragon (D:7)
  2 sky beasts (D:7)
  A black bear (D:7)
  2 ogres
  2 phantoms
  A wyvern skeleton (D:6)
  A water moccasin skeleton (D:5)
  A howler monkey (D:7)
  A centaur zombie (D:4)
  4 jellies
  2 orc priests
  A bullfrog skeleton (D:6)
  Jessica (D:2)
  Natasha (thrice) (D:3)
  An orc wizard (D:5)
  4 iguanas
  A hound skeleton (D:4)
  9 gnolls
  7 adders
  An ufetubus (D:6)
  An adder skeleton (D:4)
  A worm (D:4)
  3 dart slugs
  18 orcs
  6 bats
  11 endoplasms
  4 giant cockroaches (D:4)
  7 goblins
  4 hobgoblins
  2 jackals (D:1)
  5 quokkas
  9 ball pythons
  4 kobolds
  4 rats
  A spectral kobold (D:2)
128 creatures vanquished.

Vanquished Creatures (others)
  8 plants
8 creatures vanquished.

Grand Total: 136 creatures vanquished

Notes
Turn   | Place    | Note
-------+----------+-------------------------------------------
     0 | D:1      | grimtooth the Demigod Air Elementalist began the quest for
                  | the Orb.
     0 | D:1      | Reached XP level 1. HP: 14/14 MP: 5/5
   108 | D:1      | Reached skill level 1 in Conjurations
   302 | D:1      | Reached skill level 3 in Air Magic
   512 | D:1      | Reached XP level 2. HP: 16/20 MP: 4/7
   662 | D:1      | Found Wasu's General Store.
   670 | D:1      | Bought a scroll of identify for 22 gold pieces
  1396 | D:2      | Noticed Jessica
  1404 | D:2      | Killed Jessica
  1405 | D:2      | Reached XP level 3. HP: 26/26 MP: 5/8
  1555 | D:2      | You fall into a shaft and drop 2 floors!
  1823 | D:4      | Reached skill level 4 in Air Magic
  1891 | D:4      | Reached XP level 4. HP: 26/33 MP: 2/9
  1954 | D:4      | Learned a level 2 spell: Static Discharge
  1958 | D:4      | Learned a level 3 spell: Swiftness
  2253 | D:3      | Noticed Natasha
  2503 | D:3      | Killed Natasha
  2504 | D:3      | Reached XP level 5. HP: 38/38 MP: 3/10
  2720 | D:3      | Noticed Natasha
  2725 | D:3      | Killed Natasha
  2726 | D:3      | Reached skill level 5 in Air Magic
  3014 | D:3      | Noticed Natasha
  3023 | D:3      | Killed Natasha
  4457 | D:4      | Reached XP level 6. HP: 45/45 MP: 3/11
  4776 | D:4      | Found Soithr Guxi's Neck Hole.
  4954 | D:4      | Reached skill level 6 in Air Magic
  5128 | D:5      | Entered Level 5 of the Dungeon
  5483 | D:5      | Found a staircase to the Ecumenical Temple.
  5882 | D:5      | Reached XP level 7. HP: 45/50 MP: 5/13
  6337 | D:5      | Reached skill level 7 in Air Magic
  6631 | D:5      | Learned a level 4 spell: Airstrike
  6664 | D:6      | Noticed a two-headed ogre
  6688 | D:6      | Found Iwif's Book Shop.
  7941 | D:7      | Reached XP level 8. HP: 57/57 MP: 13/16
  8029 | D:7      | Reached skill level 8 in Air Magic
  8349 | D:7      | Learned a level 3 spell: Mephitic Cloud
  8873 | D:7      | Reached skill level 9 in Air Magic
  8879 | D:7      | Noticed a manticore
  8883 | D:7      | Slain by a manticore

Illustrated notes

Levels and vault maps discovered:
D:1:      scummos_arrival_gate, layout_loops_ring, serial_shops, shop,
          solitary_fountain, serial_bayou_lagoon_b
D:2:      layout_basic, dreamdust_ecumenical_altar_drowned_temple, st_stairs_6,
          minmay_circle_x, uniq_jessica
D:3:      wander_river, layout_loops_corners, uniq_natasha
D:4:      layout_gridville, fedhas_altar_2, mainiacjoe_overflow_alcove_4,
          nicolae_shop_sticking_my_neck_out
D:5:      layout_loops_corners, kennysheep_mini_moat,
          minmay_temple_entry_gardened_gates
D:6:      layout_loops_cross, serial_shops, shop_statue
D:7:      minmay_opposing_rooms, layout_loops_ring, overflow_temple_1_default

Skill      XL: |  1  2  3  4  5  6  7  8 |
---------------+-------------------------+-----
Conjurations   | 1 2 3 4 |  4.5
Air Magic      | 3 4 5 6 7 9 |  9.2
Spellcasting   | 2 3 4 |  4.0
Dodging        | |  1.7
Stealth        | |  1.7

Action                   |  1- 3 |  4- 6 |  7- 9 || total
-------------------------+-------+-------+-------++-------
Melee: Dagger            |     3 |       |    39 ||    42
Throw: Dart              |     1 |     3 |     6 ||    10
 Cast: Shock             |    62 |   147 |    76 ||   285
       Static Discharge  |       |     1 |     4 ||     5
       Swiftness         |       |       |     1 ||     1
Evoke: Wand              |       |       |     1 ||     1
  Use: Scroll            |     1 |     4 |     4 ||     9
       Potion            |       |       |     1 ||     1
 Stab: Sleeping          |       |       |     1 ||     1
       Paralysed         |       |       |     3 ||     3
Armor: Robe              |    11 |     4 |    14 ||    29
Dodge: Dodged            |    24 |    12 |    46 ||    82
